Map: Triton LE

Players

Solar

  • Race: Zerg Zerg
  • Spawn Location: 11:00

Elazer - Winner!

  • Race: Zerg Zerg
  • Spawn Location: 5:00

Event: IEM Katowice 2020

VOD

Have the link to the VOD?

Description

Time

  • Played on: Feb. 28, 2020, 5 a.m.
  • Length: 8:05

All games in this series

Show
View Real Time Build Order
Export as new Build Order

Solar Zerg 

Build Orders: Hatch First 

Get SALT Encoding   

  12  0:02  Drone  
  13  0:12  Overlord  
  13  0:17  Drone  
  14  0:31  Drone x2  
  16  0:48  Hatchery  
  15  0:51  Drone  
  15  0:54  Drone  
  17  0:57  Drone  
  18  1:08  Extractor  
  17  1:14  Spawning Pool  
  17  1:17  Drone  
  17  1:19  Drone  
  18  1:28  Drone  
  19  1:38  Drone  
  20  1:49  Overlord  
  20  2:00  Queen x2  
  24  2:02  Drone x2  
  24  2:08  Metabolic Boost  
  26  2:11  Drone x2  
  29  2:22  Drone  
  29  2:23  Drone  
  30  2:32  Hatchery  
  30  2:35  Drone  
  30  2:39  Drone  
  30  2:43  Queen  
  33  2:49  Baneling Nest  
  32  2:52  Overlord  
  32  2:55  Drone  
  32  2:57  Zergling x2  
  34  3:00  Drone  
  34  3:05  Zergling x2  
  36  3:12  Drone x5  
  41  3:16  Overlord  
  42  3:20  Zergling x2  
  42  3:21  Zergling x2  
  42  3:23  Zergling x2  
  42  3:26  Evolution Chamber  
  43  3:30  Drone  
  44  3:34  Overlord  
  44  3:40  Drone x3  
  47  3:43  Drone  
  47  3:44  Drone  
  47  3:48  Drone  
  49  3:54  Zergling x4  
  49  3:55  Roach Warren  
  50  3:56  Baneling  
  50  4:00  Extractor, Drone  
  50  4:03  Extractor  
  50  4:04  Drone x3  
  50  4:07  Drone  
  53  4:10  Overlord  
  53  4:12  Zergling x2  
  53  4:15  Overlord  
  54  4:18  Overlord  
  55  4:24  Drone  
  55  4:40  Roach  
  55  4:41  Roach x8  
  55  4:43  Roach  
  55  4:45  Roach x2  
  79  4:47  Zergling x4  
  79  4:49  Zergling x2  
  79  4:51  Zergling x4  
  84  4:54  Zergling x2  
  84  4:58  Zergling x2  
  85  5:03  Overlord  
  85  5:04  Zergling x2  
  85  5:05  Baneling  
  86  5:07  Zergling x2  
  85  5:15  Zergling x10  
  85  5:17  Overlord  
  85  5:19  Baneling x5  
  85  5:20  Baneling  
  85  5:21  Overlord  
  90  5:24  Zergling x2  
  90  5:25  Zergling x2  
  90  5:26  Zergling x2  
  92  5:29  Zergling x2  
  92  5:32  Zergling x6  
  92  5:40  Baneling x2  
  92  5:41  Roach x2  
  92  5:42  Baneling x2  
  90  5:47  Roach  
  90  5:54  Zergling x10  
  87  5:58  Zergling x4  
  87  5:59  Baneling  
  87  6:01  Zergling x2  
  87  6:04  Zergling x4  
  86  6:08  Queen  
  84  6:13  Queen  
  85  6:18  Queen  
  85  6:22  Spore Crawler  
  85  6:25  Spore Crawler  
  63  6:33  Spore Crawler, Drone  
  63  6:34  Drone  
  63  6:35  Drone  
  63  6:36  Drone  
  63  6:38  Drone x2  
  63  6:39  Drone x3  
  70  6:42  Drone  
  70  6:43  Drone  
  70  6:45  Drone  
  66  6:47  Zergling x4  
  63  6:54  Queen  
  63  6:56  Zergling x2, Spore Crawler  
  63  6:57  Zergling x2  
  63  7:00  Queen  
  68  7:02  Zergling x2  
  68  7:07  Spore Crawler  
  66  7:09  Zergling x2  
  66  7:11  Zergling x2  
  66  7:12  Zergling x2  
  68  7:17  Zergling x2  
  68  7:18  Zergling x2  
  68  7:19  Drone  
  68  7:20  Zergling x2  
  68  7:22  Zergling x2  
  71  7:27  Zergling x12  
  77  7:33  Zergling x2  
  77  7:35  Zergling x2  
  76  7:39  Zergling x2  
  76  7:40  Zergling x8  
  76  7:45  Zergling x2  
  76  7:48  Zergling x2  
Show
View Real Time Build Order
Export as new Build Order

Elazer Zerg - Winner!

Build Orders: Hatch First 

Get SALT Encoding   

  12  0:00  Drone  
  13  0:12  Overlord  
  13  0:16  Drone  
  14  0:30  Drone x2  
  16  0:47  Hatchery  
  15  0:50  Drone  
  15  0:54  Drone  
  15  0:57  Drone  
  18  1:08  Extractor  
  17  1:12  Spawning Pool  
  17  1:15  Drone  
  17  1:18  Drone  
  18  1:27  Drone  
  19  1:38  Drone  
  20  1:49  Drone  
  21  1:59  Queen x2, Drone  
  21  2:00  Overlord  
  26  2:09  Metabolic Boost  
  26  2:10  Zergling x2, Drone  
  28  2:20  Drone  
  28  2:21  Drone  
  30  2:30  Drone  
  30  2:34  Hatchery  
  30  2:35  Drone  
  31  2:42  Drone  
  31  2:43  Drone  
  33  2:46  Baneling Nest  
  32  2:53  Overlord  
  32  2:54  Drone  
  33  3:03  Drone  
  33  3:04  Drone  
  35  3:07  Drone  
  35  3:08  Overlord  
  35  3:12  Drone x2  
  38  3:13  Zergling x2, Drone  
  38  3:18  Drone  
  38  3:19  Zergling x2  
  42  3:27  Drone  
  43  3:29  Zergling x2, Extractor  
  43  3:30  Lair  
  43  3:32  Extractor  
  42  3:39  Drone x3  
  42  3:40  Drone x3  
  48  3:42  Queen  
  48  3:46  Overlord  
  50  3:49  Drone  
  50  3:57  Drone x3, Evolution Chamber  
  50  3:59  Extractor  
  51  4:03  Drone  
  51  4:04  Drone  
  51  4:09  Overlord  
  53  4:11  Drone x2  
  53  4:12  Drone  
  53  4:13  Drone  
  53  4:15  Zergling x6  
  60  4:21  Overlord  
  60  4:23  Zerg Melee Weapons Level 1  
  60  4:29  Spire  
  59  4:32  Zergling x4  
  59  4:33  Zergling x2  
  59  4:35  Baneling  
  59  4:36  Zergling x4  
  64  4:41  Overlord  
  63  4:48  Zergling x12  
  63  4:52  Zergling x6  
  72  4:59  Overlord  
  72  5:12  Spine Crawler  
  72  5:13  Spine Crawler, Evolution Chamber  
  72  5:14  Spine Crawler x2  
  66  5:16  Zergling x8  
  69  5:27  Spore Crawler  
  59  5:40  Mutalisk x5  
  59  5:41  Mutalisk  
  68  5:45  Mutalisk  
  66  5:51  Mutalisk  
  66  5:53  Zergling x4  
  65  5:58  Zergling x6  
  65  6:02  Zergling x2  
  68  6:04  Zergling x2  
  68  6:09  Mutalisk  
  57  6:19  Mutalisk  
  57  6:21  Zergling x4  
  57  6:26  Mutalisk  
  57  6:28  Zergling x2  
  58  6:36  Zergling x6  
  60  6:52  Drone x3  
  63  6:54  Drone  
  63  7:00  Zergling x2  
  65  7:02  Drone  
  65  7:05  Queen  
  65  7:06  Queen  
  70  7:12  Mutalisk  
  72  7:17  Mutalisk  
  72  7:21  Mutalisk  
  76  7:32  Mutalisk x2  
  76  7:34  Zergling x2  
  83  7:44  Zergling x2  

Tags
 
Add a new tag
Caveats
  • Supply blocks, unpowered buildings, or Contaminate may cause inaccurate times.
  • Supply counts are checked every 10 seconds.